 Dungeon Crawl Stone Soup version 0.29.1-12-g30fa7ad0bf (webtiles) character file.

Game seed: 12411001855658340385

990 xzight the Shield-Bearer (level 8, -3/65 (67) HPs)
             Began as a Gnoll Fighter on Dec 29, 2022.
             Was a Believer of Cheibriados.
             Slain by a wight
             ... wielding a +0 flail
              (6 damage)
             ... on level 6 of the Dungeon.
             The game lasted 00:06:00 (4852 turns).

xzight the Shield-Bearer (Gnoll Fighter)            Turns: 4852, Time: 00:06:01

HP:   -3/65 (67)    AC: 11    Str: 21    XL:     8   Next: 18%
MP:   12/12         EV: 10    Int: 18    God:    Cheibriados [**....]
Gold: 431           SH: 11    Dex: 16    Spells: 13/13 levels left

rFire   . . .      SeeInvis .   k - +1 whip of the Doomed Warrior {flame, Int+3}
rCold   . . .      Faith    .   g - +0 kite shield
rNeg    + . .      Spirit   .   b - +0 scale mail
rPois   .          Reflect  .   i - +0 helmet
rElec   .          Harm     .   t - +0 cloak
rCorr   .          Rampage  .   (no gloves)
Will    .....                   j - +0 pair of boots
Stlth   +.........              (no amulet)
HPRegen 0.20/turn               N - ring of positive energy
MPRegen 0.13/turn               (no ring)

@: lightly drained, very slow
A: fangs 1, strong nose, distributed training
a: Renounce Religion, Bend Time


You were on level 6 of the Dungeon.
You worshipped Cheibriados.
Cheibriados was pleased with you.
You visited 1 branch of the dungeon, and saw 6 of its levels.

You collected 431 gold pieces.


Innate Abilities, Weirdness & Mutations

You have very sharp teeth.
Your uncanny sense of smell can sniff out nearby items.
Your experience applies equally to all skills.


   Skills:
 + Level 7.3 Fighting
 + Level 3.1 Short Blades
 + Level 3.1 Long Blades
 + Level 3.1 Axes
 + Level 3.1 Maces & Flails
 + Level 5.6 Polearms
 + Level 3.1 Staves
 + Level 3.1 Ranged Weapons
 + Level 3.1 Throwing
 + Level 7.3 Armour
 + Level 3.1 Dodging
 + Level 3.1 Stealth
 + Level 7.3 Shields
 + Level 3.1 Unarmed Combat
 + Level 3.1 Spellcasting
 + Level 2.5 Conjurations
 + Level 2.5 Hexes
 + Level 2.5 Summonings
 + Level 2.5 Necromancy
 + Level 2.5 Translocations
 + Level 2.5 Transmutations
 + Level 2.5 Fire Magic
 + Level 2.5 Ice Magic
 + Level 2.5 Air Magic
 + Level 2.5 Earth Magic
 + Level 2.5 Poison Magic
 + Level 3.5 Invocations
 + Level 3.1 Evocations


You had 13 spell levels left.
You didn't know any spells.
Your spell library contained the following spells:

 Spells                   Type           Power      Damage    Failure   Level
 Magic Dart               Conj           48%        1d5       34%         1
 Call Imp                 Summ           12%        N/A       45%         2
 Mephitic Cloud           Conj/Pois/Air  12%        N/A       71%         3
 Tukima's Dance           Hex            12%        N/A       71%         3
 Animate Armour           Summ/Erth      24%        N/A       98%         4
 Passage of Golubria      Tloc           12%        N/A       98%         4
 Blade Hands              Tmut           6%         N/A       100%        5
 Silence                  Hex/Air        6%         N/A       100%        5
 Yara's Violent Unravell  Hex/Tmut       6%         3d5       100%        5
 Iron Shot                Conj/Erth      6%         9d2       100%        6
 Lehudib's Crystal Spear  Conj/Erth      6%         10d3      100%        8

Inventory:

Hand Weapons
 k - the +1 whip of the Doomed Warrior (weapon) {flame, Int+3}
   (You found it on level 2 of the Dungeon)

   It burns those it strikes, dealing additional fire damage.
   Int:       It affects your intelligence (+3).
Armour
 b - a +0 scale mail (worn)
 g - a +0 kite shield (worn)
 i - a +0 helmet (worn)
 j - a +0 pair of boots (worn)
 t - a +0 cloak (worn)
Jewellery
 N - a ring of positive energy (left hand)
Wands
 n - a wand of mindburst (2)
 s - a wand of light (3)
 v - a wand of flame (30)
Scrolls
 c - a scroll of fear {unknown}
 e - 3 scrolls of immolation {unknown}
 f - 8 scrolls of identify {unknown}
 h - 2 scrolls of vulnerability {unknown}
 o - a scroll of enchant armour {unknown}
 w - a scroll of torment {unknown}
 y - a scroll of amnesia {unknown}
Potions
 a - a potion of heal wounds {unknown}
 d - a potion of might
 l - a potion of invisibility {unknown}
 m - a potion of resistance {unknown}
 p - 4 potions of curing {unknown}
 q - a potion of degeneration {unknown}
 r - a potion of magic {unknown}
 u - a potion of mutation {unknown}
 x - a potion of haste {unknown}

Dungeon Overview and Level Annotations

Branches:
Dungeon (6/15)             Temple (0/1) D:4

Altars:
Cheibriados
Okawaru

Shops:
D:6

= #..........#
~~~♣#z.........#
.~.............#
...........[...#
............=..##
.~.~~♣♣~.###....#
~~~~~~~~♣..)....#
~~≈~~P~~~♣##z)..#
≈≈≈~~S~~P# #@...#
~ ≈≈z~~♣♣~.#
###### ~~~~♣♣..##
P♣#(....####
##..#....## ##
#...###..#### ..#
#.#.####....# #..
#.#.#......## ##.
###.#...######


You could see a wight.


Message History

The wight is lightly damaged.
The wight hits you with a +0 flail.
* * * LOW HITPOINT WARNING * * *
You partially resist.
You feel drained.
* * * LOW HITPOINT WARNING * * *
You hit the wight but do no damage.
The wight is lightly damaged.
The wight closely misses you.
You hit the wight but do no damage.
The wight is lightly damaged.
The wight hits you but does no damage.
You hit the wight. You burn the wight.
The wight is moderately damaged.
The wight hits you with a +0 flail.
* * * LOW HITPOINT WARNING * * *
You partially resist.
You feel drained.
* * * LOW HITPOINT WARNING * * *
You hit the wight but do no damage.
The wight is moderately damaged.
You block the wight's attack. The wight closely misses you.
You hit the wight but do no damage. You bite the wight.
The wight is heavily damaged.
The wight completely misses you.
You barely miss the wight.
The wight is heavily damaged.
The wight barely misses you.
You hit the wight but do no damage. You bite the wight, but do no damage.
The wight is heavily damaged.
The wight hits you with a +0 flail.
You die...

Skill      XL: |  1  2  3  4  5  6  7 |
---------------+----------------------+-----
Invocations    | 1 2 3 |  3.5
Short Blades   | 1 2 3 |  3.1
Long Blades    | 1 2 3 |  3.1
Axes           | 1 2 3 |  3.1
Maces & Flails | 1 2 3 |  3.1
Staves         | 1 2 3 |  3.1
Ranged Weapons | 1 2 3 |  3.1
Throwing       | 1 2 3 |  3.1
Dodging        | 1 2 3 |  3.1
Stealth        | 1 2 3 |  3.1
Unarmed Combat | 1 2 3 |  3.1
Spellcasting   | 1 2 3 |  3.1
Evocations     | 1 2 3 |  3.1
Conjurations   | 1 2 |  2.5
Hexes          | 1 2 |  2.5
Summonings     | 1 2 |  2.5
Necromancy     | 1 2 |  2.5
Translocations | 1 2 |  2.5
Transmutations | 1 2 |  2.5
Fire Magic     | 1 2 |  2.5
Ice Magic      | 1 2 |  2.5
Air Magic      | 1 2 |  2.5
Earth Magic    | 1 2 |  2.5
Poison Magic   | 1 2 |  2.5
Polearms       | 5 |  5.6
Fighting       | 7 |  7.3
Armour         | 7 |  7.3
Shields        | 7 |  7.3

Action                   |  1- 3 |  4- 6 |  7- 9 || total
-------------------------+-------+-------+-------++-------
Melee: Trident           |    49 |       |       ||    49
       Bite              |     5 |     9 |    28 ||    42
       Whip              |    39 |   116 |   162 ||   317
Evoke: Wand              |       |     8 |     1 ||     9
 Stab: Invisible         |       |     1 |       ||     1
Armor: Scale mail        |    36 |    38 |    32 ||   106
Dodge: Dodged            |    22 |    45 |    46 ||   113
Block: Buckler           |     4 |       |       ||     4
       Kite shield       |    22 |    69 |    76 ||   167

Levels and vault maps discovered:
D:1:      dpeg_arrival_simpleton_c, layout_basic, minmay_misc_feat_tiny,
          minmay_box_of_dots
D:2:      layout_basic, basic_altar
D:3:      layout_rooms, amcnicky_mini_pool_small, minmay_misc_feat_square
D:4:      layout_cave_pools, minmay_temple_entry_statues, serial_demonic,
          serial_demonic_b, serial_demonic_e, serial_demonic_g,
          serial_demonic_g, uniq_natasha, uniq_blork_the_orc
D:5:      layout_loops_ring, lemuel_crystal_altar
D:6:      layout_rooms, chequers_temple_overflow_statue_of_worship,
          serial_shops, nicolae_inconvenience_store, serial_bayou_ford_a,
          kennysheep_cluttered_room, nrook_mini_backslash, uniq_prince_ribbit1

Notes
Turn   | Place    | Note
-------+----------+-------------------------------------------
     0 | D:1      | xzight the Gnoll Fighter began the quest for the Orb.
     0 | D:1      | Reached XP level 1. HP: 23/23 MP: 1/1
   323 | D:1      | Reached XP level 2. HP: 29/29 MP: 2/2
  1050 | D:2      | Reached XP level 3. HP: 35/35 MP: 3/3
  1060 | D:2      | Identified the +1 whip of the Doomed Warrior {flame, Int+3}
  1113 | D:2      | Found a snail-covered altar of Cheibriados.
  1120 | D:2      | Became a worshipper of Cheibriados the Contemplative
  1210 | D:2      | Reached skill level 1 in Invocations
  1462 | D:2      | Reached skill level 1 in Short Blades
  1462 | D:2      | Reached skill level 1 in Long Blades
  1462 | D:2      | Reached skill level 1 in Axes
  1462 | D:2      | Reached skill level 1 in Maces & Flails
  1462 | D:2      | Reached skill level 1 in Staves
  1462 | D:2      | Reached skill level 1 in Ranged Weapons
  1462 | D:2      | Reached skill level 1 in Throwing
  1462 | D:2      | Reached skill level 1 in Dodging
  1462 | D:2      | Reached skill level 1 in Stealth
  1462 | D:2      | Reached skill level 1 in Unarmed Combat
  1462 | D:2      | Reached skill level 1 in Spellcasting
  1462 | D:2      | Reached skill level 1 in Evocations
  1834 | D:3      | Reached XP level 4. HP: 35/41 MP: 5/5
  1895 | D:3      | Reached * piety under Cheibriados
  2238 | D:4      | Found a staircase to the Ecumenical Temple.
  2314 | D:4      | Reached skill level 1 in Conjurations
  2314 | D:4      | Reached skill level 1 in Hexes
  2314 | D:4      | Reached skill level 1 in Summonings
  2314 | D:4      | Reached skill level 1 in Necromancy
  2314 | D:4      | Reached skill level 1 in Translocations
  2314 | D:4      | Reached skill level 1 in Transmutations
  2314 | D:4      | Reached skill level 1 in Fire Magic
  2314 | D:4      | Reached skill level 1 in Ice Magic
  2314 | D:4      | Reached skill level 1 in Air Magic
  2314 | D:4      | Reached skill level 1 in Earth Magic
  2314 | D:4      | Reached skill level 1 in Poison Magic
  2361 | D:4      | Noticed Natasha
  2361 | D:4      | Noticed Blork the orc
  2374 | D:4      | Killed Blork the orc
  2375 | D:4      | Reached XP level 5. HP: 24/47 MP: 5/7
  2378 | D:4      | Killed Natasha
  2670 | D:4      | Noticed Natasha
  2679 | D:4      | Killed Natasha
  2680 | D:4      | Reached skill level 2 in Invocations
  2725 | D:4      | Noticed Natasha
  2733 | D:4      | Killed Natasha
  2734 | D:4      | Reached XP level 6. HP: 22/53 MP: 8/8
  2740 | D:4      | Reached ** piety under Cheibriados
  3032 | D:4      | Reached skill level 2 in Short Blades
  3032 | D:4      | Reached skill level 2 in Long Blades
  3032 | D:4      | Reached skill level 2 in Axes
  3032 | D:4      | Reached skill level 2 in Maces & Flails
  3032 | D:4      | Reached skill level 5 in Polearms
  3032 | D:4      | Reached skill level 2 in Staves
  3032 | D:4      | Reached skill level 2 in Ranged Weapons
  3032 | D:4      | Reached skill level 2 in Throwing
  3032 | D:4      | Reached skill level 2 in Dodging
  3032 | D:4      | Reached skill level 2 in Stealth
  3032 | D:4      | Reached skill level 2 in Unarmed Combat
  3032 | D:4      | Reached skill level 2 in Spellcasting
  3032 | D:4      | Reached skill level 2 in Evocations
  3422 | D:5      | Entered Level 5 of the Dungeon
  3476 | D:5      | Reached skill level 7 in Fighting
  3476 | D:5      | Reached skill level 7 in Armour
  3476 | D:5      | Reached skill level 7 in Shields
  3476 | D:5      | Reached XP level 7. HP: 60/60 MP: 10/10
  3483 | D:5      | Reached skill level 2 in Conjurations
  3483 | D:5      | Reached skill level 2 in Hexes
  3483 | D:5      | Reached skill level 2 in Summonings
  3483 | D:5      | Reached skill level 2 in Necromancy
  3483 | D:5      | Reached skill level 2 in Translocations
  3483 | D:5      | Reached skill level 2 in Transmutations
  3483 | D:5      | Reached skill level 2 in Fire Magic
  3483 | D:5      | Reached skill level 2 in Ice Magic
  3483 | D:5      | Reached skill level 2 in Air Magic
  3483 | D:5      | Reached skill level 2 in Earth Magic
  3483 | D:5      | Reached skill level 2 in Poison Magic
  3705 | D:5      | Identified the +8 scale mail "Ruoc" {Rampage Will+ Dex+8}
  4096 | D:5      | Reached skill level 3 in Invocations
  4288 | D:5      | Found an iron altar of Okawaru.
  4341 | D:6      | Found Xeocrur's Jewellery Shoppe.
  4680 | D:6      | Reached skill level 3 in Short Blades
  4680 | D:6      | Reached skill level 3 in Long Blades
  4680 | D:6      | Reached skill level 3 in Axes
  4680 | D:6      | Reached skill level 3 in Maces & Flails
  4680 | D:6      | Reached skill level 3 in Staves
  4680 | D:6      | Reached skill level 3 in Ranged Weapons
  4680 | D:6      | Reached skill level 3 in Throwing
  4680 | D:6      | Reached skill level 3 in Dodging
  4680 | D:6      | Reached skill level 3 in Stealth
  4680 | D:6      | Reached skill level 3 in Unarmed Combat
  4680 | D:6      | Reached skill level 3 in Spellcasting
  4680 | D:6      | Reached skill level 3 in Evocations
  4680 | D:6      | Reached XP level 8. HP: 9/67 MP: 12/12
  4845 | D:6      | HP: 6/66 [wight/+0 flail (1)]
  4848 | D:6      | HP: 2/65 [wight/+0 flail (1)]
  4852 | D:6      | Slain by a wight

Vanquished Creatures
  3 ogres
  Blork the orc (D:4)
  A scorpion (D:4)
  2 necrophages
  2 wights (D:6)
  An orc priest (D:5)
  2 iguanas (D:5)
  2 jellies
  An orc wizard (D:6)
  Natasha (thrice) (D:4)
  6 adders
  3 shadow imps
  A white imp (D:4)
  An ufetubus (D:4)
  A dart slug (D:4)
  9 orcs
  2 bats (D:2)
  4 endoplasms
  4 giant cockroaches
  6 goblins
  6 hobgoblins
  A quokka (D:5)
  10 ball pythons
  A frilled lizard (D:2)
  8 kobolds
  3 rats (D:1)
84 creatures vanquished.

Vanquished Creatures (others)
  An orc (D:4)
  2 demonic plants (D:4)
  6 plants (D:6)
9 creatures vanquished.

Grand Total: 93 creatures vanquished

Table legend: (Time is in decaauts)
 A = Elapsed time spent in this place.
 B = Non-inter-level travel time spent in this place.
 C = Inter-level travel time spent in this place.
 D = Time resting spent in this place.
 E = Time spent auto-exploring this place.
 F = Levels seen in this place.
 G = Mean time per level.
                   A        B        C        D        E       F      G
               +--------+--------+--------+--------+--------+-----+--------+
         Total |   5807 |   5638 |    169 |    795 |   3904 |   6 |  967.8 |
       Dungeon |   5807 |   5638 |    169 |    795 |   3904 |   6 |  967.8 |
               +--------+--------+--------+--------+--------+-----+--------+

Top non-repeatable levels by time:
     D:5: 1214 daAuts
     D:4: 1156 daAuts
     D:1: 1018 daAuts
     D:2: 915 daAuts
     D:3: 886 daAuts
     D:6: 616 daAuts

Table legend:
 A = Non-vault XP
 B = Vault XP
 C = Vault XP percentage of total XP
 D = Non-vault monster count
 E = Vault monster count
 F = Vault count percentage of total count
                 A         B        C        D         E       F
            +---------+---------+-------+---------+---------+-------
      Total |    1251 |     164 |  11.6 |      76 |       8 |   9.5
            +---------+---------+-------+---------+---------+-------
        D:1 |      19 |       4 |  17.4 |      14 |       2 |  12.5
        D:2 |      44 |       0 |   0.0 |      14 |       0 |   0.0
        D:3 |      30 |       0 |   0.0 |      11 |       0 |   0.0
        D:4 |     294 |     160 |  35.2 |      16 |       6 |  27.3
        D:5 |     498 |       0 |   0.0 |      13 |       0 |   0.0
        D:6 |     366 |       0 |   0.0 |       8 |       0 |   0.0
            +---------+---------+-------+---------+---------+-------
